 Dungeon Crawl Stone Soup version 0.30-a0-782-ge64f9170bb (webtiles) character file.

Game seed: 15523703218926775834

5851 Ijustatesigmund the Fighter (level 10, -1/73 HPs)
             Began as a Gargoyle Fighter on Feb 20, 2023.
             Was a Believer of Ashenzari.
             Slain by a large abomination (26 damage)
             ... on level 2 of the Abyss.
             The game lasted 00:20:17 (5810 turns).

Ijustatesigmund the Fighter (Gargoyle Fighter)      Turns: 5810, Time: 00:20:18

Health: -1/73      AC: 25    Str: 20    XL:     10   Next: 81%
Magic:  24/24      EV: 10    Int: 10    God:    Ashenzari [**....]
Gold:   428        SH:  5    Dex: 17    Spells: 15/16 levels left

rFire   + . .      SeeInvis +    p - +7 hand axe "Circumscribed With Me" {drain, Fly rPois rN+ Str+3, Cun, Comp} (curse)
rCold   . . .      Faith    .    c - +0 buckler of the Bound Burden {Evo, Self} (curse)
rNeg    + + .      Spirit   .    b - +0 chain mail
rPois   ∞          Reflect  .    j - +0 helmet
rElec   +          Harm     .    t - +0 cloak
rCorr   .          Rampage  +    y - +2 pair of gloves of the Lute {Rampage rElec rF+ Str-4}
Will    .....                    z - +0 pair of boots of the Eye in the Sky {Range, Self} (curse) Stlth
                                 f - amulet of regeneration
HPRegen 1.12/turn                n - ring of the Ruined Soothsayer {MP+9, Alch, Elem} (curse)
MPRegen 0.19/turn                L - +6 ring of dexterity

@: flying
A: sickness immunity, AC +7, negative energy resistance 1, electricity
resistance, torment resistance 1, petrification resistance
a: Renounce Religion, Curse Item, Shatter the Chains


You were on level 2 of the Abyss.
You worshipped Ashenzari.
Ashenzari was pleased with you.
You visited 2 branches of the dungeon, and saw 10 of its levels.
You visited the Abyss 1 time.
You also visited: Ossuary.

You collected 633 gold pieces.
You spent 205 gold pieces at shops.

Inventory:

Hand Weapons
 a - a +5 flail
 p - the cursed +7 hand axe "Circumscribed With Me" (weapon) {drain, Fly rPois rN+ Str+3, Cun, Comp}
   (You found it on level 3 of the Dungeon)

   Str:       It affects your strength (+3).
   rPois:     It protects you from poison.
   rN:        It protects you from negative energy.
   Fly:       It grants you flight.
   It has a curse which improves the following skills: Cunning: Dodging and
   Stealth.
   Companions: Summonings and Necromancy.
Missiles
 x - 6 throwing nets (quivered)
Armour
 b - a +0 chain mail (worn)
 c - the cursed +0 buckler of the Bound Burden (worn) {Evo, Self}

   It has a curse which improves the following skills: Evocations: Evocations.
   Introspection: Fighting and Spellcasting.
 j - a +0 helmet (worn)
 t - a +0 cloak (worn)
 y - the +2 pair of gloves of the Lute (worn) {Rampage rElec rF+ Str-4}
   (You found it on level 4 of the Dungeon)

   Str:       It affects your strength (-4).
   rF:        It protects you from fire.
   rElec:     It insulates you from electricity.
   Rampage:   It bestows one free step when moving towards enemies.
 z - the cursed +0 pair of boots of the Eye in the Sky (worn) {Range, Self}
   (You found it on level 4 of the Dungeon)

   It has a curse which improves the following skills: Ranged Combat: Ranged
   Weapons and Throwing.
   Introspection: Fighting and Spellcasting.
Magical Staves
 o - a staff of earth
Jewellery
 f - an amulet of regeneration (around neck)
 n - the cursed ring of the Ruined Soothsayer (left hand) {MP+9, Alch, Elem}
   (You found it on level 3 of the Dungeon)

   [ring of magical power]

   MP:        It affects your magic capacity (+9).
   It has a curse which improves the following skills: Alchemy: Poison Magic and
   Transmutations.
   Elements:  Fire Magic, Ice Magic, Air Magic and Earth Magic.
 L - a +6 ring of dexterity (right hand)
Wands
 B - a wand of mindburst (7)
 F - a wand of digging (10)
Scrolls
 i - 2 scrolls of immolation
 l - 3 scrolls of vulnerability
 m - 2 scrolls of fear
 s - 3 scrolls of teleportation
 A - a scroll of blinking
 C - 3 scrolls of enchant armour
 G - a scroll of poison
 I - a scroll of fog
 K - a scroll of silence
Potions
 d - 3 potions of might
 e - 3 potions of brilliance
 g - 2 potions of resistance
 h - 3 potions of flight
 k - 3 potions of berserk rage
 r - 2 potions of curing
 u - 2 potions of attraction
 v - a potion of magic
 w - 3 potions of haste
 D - a potion of ambrosia
 E - 3 potions of heal wounds
 H - 2 potions of lignification
 J - a potion of invisibility


   Skills:
 - Level 11.1(13.0) Fighting
 - Level 7.6 Maces & Flails
 - Level 7.4 Armour
 - Level 4.3(5.4) Dodging
 - Level 3.2 Shields
 + Level 2.3(3.8) Spellcasting
 + Level 4.1(5.2) Earth Magic
 + Level 3.4(4.6) Evocations


You had 15 spell levels left.
You knew the following spells:

 Your Spells              Type           Power      Damage    Failure   Level
a - Sandblast             Erth           24%        2d8       32%         1

Your spell library contained the following spells:

 Spells                   Type           Power      Damage    Failure   Level
 Passwall                 Tmut/Erth      5%         N/A       80%         2
 Shock                    Conj/Air       8%         1d3       95%         1
 Stone Arrow              Conj/Erth      14%        3d7       96%         3
 Lesser Beckoning         Tloc           2%         N/A       99%         2
 Gell's Gravitas          Tloc           1%         N/A       100%        3
 Portal Projectile        Hex/Tloc       2%         N/A       100%        3
 Summon Guardian Golem    Hex/Summ       2%         N/A       100%        3
 Swiftness                Air            2%         N/A       100%        3
 Teleport Other           Tloc           1%         N/A       100%        3
 Tukima's Dance           Hex            1%         N/A       100%        3
 Airstrike                Air            1%         2d(1-17)  100%        4
 Blade Hands              Tmut           1%         N/A       100%        5
 Dispersal                Tloc           0%         N/A       100%        6
 Orb of Destruction       Conj           0%         9d5       100%        7
 Spellforged Servitor     Conj/Summ      1%         N/A       100%        7


Dungeon Overview and Level Annotations

Branches:
Dungeon (9/15)             Temple (1/1) D:4         Ossuary (visited)
   Lair: D:8-11         Orc: D:9-12

Altars:
Ashenzari
Cheibriados
Dithmenos
Elyvilon
Fedhas
Gozag
Hepliaklqana
Kikubaaqudgha
Makhleb
Nemelex Xobeh
Okawaru
Qazlal
Ru
Sif Muna
Trog
Uskayaw
Vehumet
Wu Jian
Xom
Yredelemnul
Zin

Shops:
D:6 :   D:8 ?

Annotations:
D:9 Psyche


Innate Abilities, Weirdness & Mutations

You are immune to sickness and miasma.
Your stone body is resilient. (AC +7)
You are immune to poison.
You resist negative energy. (rN+)
You are resistant to electric shocks. (rElec)
You are resistant to unholy torment.
You are immune to petrification.


Message History

Found a gateway leading deeper into the Abyss.
Found a gateway leading deeper into the Abyss.
A large abomination comes into view.
You start waiting.
You sense a monster nearby.
You start waiting.
A large abomination is nearby!
You block the large abomination's attack.
You closely miss the large abomination.
The large abomination hits you but does no damage.
You barely miss the large abomination.
The large abomination barely misses you.
You hit the large abomination.
The large abomination is lightly damaged.
The large abomination hits you but does no damage.
You hit the large abomination but do no damage.
The large abomination is lightly damaged.
The large abomination hits you!
You slash the large abomination!
The large abomination is lightly damaged.
The large abomination barely misses you.
You hit the large abomination.
The large abomination is moderately damaged.
You block the large abomination's attack.
You hit the large abomination but do no damage.
The large abomination is moderately damaged.
You block the large abomination's attack.
You hit the large abomination.
The large abomination is moderately damaged.
The large abomination hits you! The large abomination hits you.
You hit the large abomination.
The large abomination is moderately damaged.
The large abomination hits you!
You hit the large abomination but do no damage.
The large abomination is moderately damaged.
The large abomination hits you!!
You hit the large abomination but do no damage.
The large abomination is moderately damaged.
The large abomination hits you!!
You die...

*
###...###
##.# .
#*. ### .
#...#
*..#. . .
.... ..#
.## #
#.## .. .
. #.
....##..
.#.##.
#,# # *
##
.#X.... .
# * *#. .
* * ,#...
..##...##
.,. # ,
.. .
.####
.#.#.# .
, ...#.#.
#.##X#.#
#... ## #
. #.@## #
.# , . #
.,#####,
, # # .#
.. , . ,#
.#. * . ,
. * * .**
*,* ,. #
# # * ,
** ** *
,, , * **
**, , *
** , * ,
,


You could see a large abomination.

Vanquished Creatures
  The ghost of Majang the Chopper, a novice TeBe of Trog (D:6)
  Prince Ribbit (D:8)
  Grinder (D:3)
  6 yaks
  Eustachio (D:5)
  A wraith (Ossuary)
  2 steam dragons
  An acid dragon (D:6)
  2 water moccasins
  Duvessa (D:6)
  An ice beast (D:7)
  2 orc warriors
  A black bear (D:5)
  An ogre (D:4)
  3 centaurs
  A phantom (D:5)
  A kobold brigand (D:7)
  Blork the orc (D:6)
  A gnoll sergeant (D:5)
  4 bullfrogs
  2 necrophages
  A scorpion (D:4)
  12 wights
  Dowan (D:6)
  A killer bee (D:9)
  A howler monkey (D:5)
  An electric eel (D:9)
  A crimson imp (D:5)
  2 jellies
  2 gnoll boudas
  Crazy Yiuf (D:3)
  An orc priest (D:8)
  4 hounds
  Jessica (D:2)
  Terence (D:3)
  4 iguanas
  6 orc wizards
  2 mummies
  Robin (D:2)
  24 gnolls
  7 adders
  4 white imps
  An ufetubus (D:7)
  4 worms
  2 dart slugs
  11 orcs
  4 bats
  10 endoplasms
  6 giant cockroaches
  11 hobgoblins
  A jackal (D:1)
  4 quokkas
  9 ball pythons
  4 frilled lizards
  8 gnoll skeletons (Ossuary)
  14 goblins
  11 kobolds
  7 kobold skeletons (Ossuary)
  10 orc skeletons (Ossuary)
230 creatures vanquished.

Vanquished Creatures (others)
  2 starspawn tentacles (Abyss:2)
2 creatures vanquished.

Grand Total: 232 creatures vanquished

Notes
Turn   | Place    | Note
-------+----------+-------------------------------------------
     0 | D:1      | Ijustatesigmund the Gargoyle Fighter began the quest for
                  | the Orb.
     0 | D:1      | Reached XP level 1. HP: 14/14 MP: 1/1
    58 | D:1      | Reached XP level 2. HP: 19/19 MP: 2/2
   256 | D:1      | Reached XP level 3. HP: 21/23 MP: 3/3
   773 | D:2      | Noticed Jessica
   786 | D:2      | Killed Jessica
   787 | D:2      | Reached skill level 4 in Fighting
   787 | D:2      | Reached XP level 4. HP: 29/29 MP: 4/4
   819 | D:2      | Noticed Robin
   843 | D:2      | Killed Robin
   983 | D:3      | Reached XP level 5. HP: 33/33 MP: 5/5
  1022 | D:3      | Noticed Terence
  1028 | D:3      | Killed Terence
  1223 | D:3      | Noticed Grinder
  1234 | D:3      | Killed Grinder
  1235 | D:3      | Reached skill level 5 in Maces & Flails
  1235 | D:3      | Reached XP level 6. HP: 40/40 MP: 6/6
  1242 | D:3      | Identified the +7 hand axe "Textan" {drain, Fly rPois rN+
                  | Str+3}
  1462 | D:3      | Found a runed translucent door.
  1463 | D:3      | Noticed Crazy Yiuf
  1471 | D:3      | Killed Crazy Yiuf
  1472 | D:3      | Reached skill level 5 in Fighting
  1712 | D:4      | Reached skill level 5 in Armour
  1712 | D:4      | Reached XP level 7. HP: 40/44 MP: 7/7
  1873 | D:4      | Found a snail-covered altar of Cheibriados.
  1970 | D:4      | Found a staircase to the Ecumenical Temple.
  1985 | Temple   | Entered the Ecumenical Temple
  2058 | D:4      | Found a broken altar of Ashenzari.
  2070 | D:4      | Became a worshipper of Ashenzari the Shackled
  2272 | D:4      | Reached XP level 8. HP: 47/51 MP: 8/8
  2309 | D:4      | Identified the +2 pair of gloves of the Lute {Rampage rElec
                  | rF+ Str-4}
  2584 | D:5      | Entered Level 5 of the Dungeon
  2590 | D:5      | Reached skill level 6 in Fighting
  2757 | D:5      | Noticed Eustachio
  2799 | D:5      | Killed Eustachio
  2891 | D:5      | Reached skill level 7 in Fighting
  2977 | D:5      | Found a burning altar of Makhleb.
  3107 | D:6      | Reached XP level 9. HP: 57/57 MP: 9/9
  3116 | D:6      | Learned a level 1 spell: Sandblast
  3130 | D:6      | Noticed Blork the orc
  3135 | D:6      | Killed Blork the orc
  3187 | D:6      | Reached * piety under Ashenzari
  3279 | D:6      | Found a runed translucent door.
  3302 | D:6      | Noticed Majang's ghost (novice TeBe)
  3391 | D:6      | Killed Majang's ghost
  3392 | D:6      | Reached skill level 8 in Fighting
  3392 | D:6      | Reached skill level 1 in Dodging
  3734 | D:6      | Found Quxeenoh's Book Boutique.
  3750 | D:6      | Found a sacrificial altar of Ru.
  3968 | D:6      | Noticed Duvessa
  3972 | D:6      | Noticed Dowan
  3978 | D:6      | Killed Duvessa
  3984 | D:6      | Killed Dowan
  4076 | D:7      | Reached skill level 9 in Fighting
  4187 | D:7      | Found a hide-covered altar of Uskayaw.
  4195 | D:7      | Reached skill level 10 in Fighting
  4222 | D:7      | Reached ** piety under Ashenzari
  4255 | D:7      | Reached XP level 10. HP: 70/71 MP: 10/10
  4255 | D:7      | Found a sand-covered staircase.
  4265 | Ossuary  | Entered an ossuary
  4523 | D:7      | Reached skill level 1 in Evocations
  4968 | D:8      | Found Dukea's Magic Scroll Emporium.
  4991 | D:8      | Bought a scroll of poison for 40 gold pieces
  4991 | D:8      | Bought a scroll of silence for 95 gold pieces
  4991 | D:8      | Bought a scroll of teleportation for 30 gold pieces
  4991 | D:8      | Bought a scroll of fear for 40 gold pieces
  5070 | D:8      | Reached skill level 1 in Earth Magic
  5222 | D:8      | Reached skill level 11 in Fighting
  5257 | D:8      | Noticed Prince Ribbit
  5263 | D:8      | Killed Prince Ribbit
  5413 | D:8      | Reached skill level 1 in Spellcasting
  5450 | D:8      | Found a sparkling altar of Nemelex Xobeh.
  5596 | D:9      | Noticed Psyche
  5597 | D:9      | Noticed a two-headed ogre
  5601 | D:9      | Noticed a cyclops
  5608 | Abyss:2  | Found an ancient bone altar of Kikubaaqudgha.
  5608 | Abyss:2  | Cast into level 2 of the Abyss (Psyche)
  5679 | Abyss:2  | Noticed a thrashing horror
  5681 | Abyss:2  | Noticed a thrashing horror
  5684 | Abyss:2  | Noticed a tentacled starspawn
  5790 | Abyss:2  | Noticed a large abomination
  5810 | Abyss:2  | Slain by a large abomination

Illustrated notes

Levels and vault maps discovered:
D:1:      zaba_arrival_water, layout_rooms, minmay_octomino_j4
D:2:      layout_basic, uniq_jessica, uniq_robin
D:3:      layout_loops_cross, uniq_terence, uniq_crazy_yiuf_cottage,
          uniq_grinder
D:4:      layout_cave_pods, ashenzari_conservatory_becter, cheibriados_altar_1,
          minmay_temple_entry_sparse_star
D:5:      layout_rooms, makhleb_grotto_becter, uniq_eustachio
D:6:      layout_basic, nicolae_ru_the_path_less_chosen, ebering_ghost_sewer_d,
          serial_shops, kennysheep_mini_moat,
          minmay_a_box_with_orc_wizards_in_it, uniq_blork_the_orc, uniq_duvessa
D:7:      layout_rooms, overflow_temple_1_default, gup_ossuary_entry_pyramid
D:8:      layout_rooms, nemelex_diamond_rough_becter, serial_shops, shop,
          chequers_serial_rivers_small_a, chequers_serial_rivers_micro_c,
          uniq_prince_ribbit1
D:9:      hangedman_cross_stitches, layout_basic, uniq_psyche, uniq_harold,
          uniq_maurice
Temple:   nicolae_temple_no_exploring_needed
Abyss:2:  base: D:4, evilmike_abyss_exit_plants

Skill      XL: |  1  2  3  4  5  6  7  8  9 10 |
---------------+-------------------------------+-----
Maces & Flails | 3 5 6 7 |  7.6
Fighting       | 4 5 7 10 11 | 11.1
Armour         | 4 5 7 |  7.4
Dodging        | 3 4 |  4.3
Evocations     | 3 |  3.4
Earth Magic    | 4 |  4.1
Spellcasting   | 2 |  2.3
Shields        | |  3.2

Action                     |  1- 3 |  4- 6 |  7- 9 | 10-12 || total
---------------------------+-------+-------+-------+-------++-------
  Melee: Flail             |    99 |    74 |       |       ||   173
         Hand axe          |       |    24 |   323 |   212 ||   559
  Throw: Throwing net      |       |       |     1 |       ||     1
 Invoke: Curse Item        |       |       |     3 |     1 ||     4
  Evoke: Wand              |       |       |     3 |       ||     3
    Use: Scroll            |     4 |     3 |     9 |     4 ||    20
         Potion            |       |     1 |     1 |     1 ||     3
   Stab: Held in net/web   |       |       |     1 |       ||     1
 Armour: Scale mail        |    14 |       |       |       ||    14
         Chain mail        |    57 |    64 |   261 |   161 ||   543
  Dodge: Dodged            |    38 |    47 |   115 |   102 ||   302
  Block: Buckler           |    22 |    24 |    72 |    38 ||   156

Table legend: (Time is in decaauts)
 A = Elapsed time spent in this place.
 B = Non-inter-level travel time spent in this place.
 C = Inter-level travel time spent in this place.
 D = Time resting spent in this place.
 E = Time spent auto-exploring this place.
 F = Levels seen in this place.
 G = Mean time per level.
                   A        B        C        D        E       F      G
               +--------+--------+--------+--------+--------+-----+--------+
         Total |   5962 |   5791 |    171 |    117 |   3962 |  12 |  496.8 |
       Dungeon |   5537 |   5367 |    170 |     70 |   3759 |   9 |  615.2 |
        Temple |      1 |      0 |      1 |      0 |      0 |   1 |    1.0 |
         Abyss |    202 |    202 |      0 |     47 |    113 |   1 |  202.0 |
       Ossuary |    220 |    220 |      0 |      0 |     90 |   1 |  220.0 |
               +--------+--------+--------+--------+--------+-----+--------+

Top non-repeatable levels by time:
     D:6: 1024 daAuts
     D:4: 916 daAuts
     D:3: 717 daAuts
     D:7: 664 daAuts
     D:8: 581 daAuts
     D:2: 521 daAuts
     D:1: 502 daAuts
     D:5: 496 daAuts
 Ossuary: 220 daAuts
 Abyss:2: 202 daAuts
     D:9: 111 daAuts
  Temple: 1 daAuts
